 Dungeon Crawl Stone Soup version 0.26.0-16-gc1dbca0489 (webtiles) character file.

Game seed: 1075154828350963987

171 EnegeticOcto the Chiller (level 5, -8/37 HPs)
             Began as a Formicid Ice Elementalist on Jan 21, 2021.
             Mangled by Crazy Yiuf
             ... wielding a +4 quarterstaff of chaos
              (13 damage)
             ... on level 3 of the Dungeon.
             The game lasted 00:09:51 (1509 turns).

EnegeticOcto the Chiller (FoIE)                     Turns: 1509, Time: 00:09:52

Health: -8/37      AC:  6    Str: 10 (13) XL:     5   Next: 81%
Magic:  6/9        EV: 11    Int: 13 (15) God:
Gold:   105        SH:  0    Dex:  9 (11) Spells: 1/9 levels left

rFire    + . .     SeeInvis +   f - scroll of immolation
rCold    . . .     Faith    .   (no shield)
rNeg     . . .     Spirit   .   j - +3 leather armour {rF+}
rPois    .         Reflect  .   (helmet unavailable)
rElec    .         Harm     .   (no cloak)
rCorr    .         Rampage  .   (no gloves)
Will     .....                  (no boots)
Stlth    ++........             (no amulet)
HPRegen  0.12/turn              (no ring)
MPRegen  0.11/turn              (no ring)

@: brilliant, lethally poisoned (-8 -> -15), frozen ramparts
A: permanent stasis, dig shafts and tunnels, four strong arms, antennae 3
a: Dig, Shaft Self


You were on level 3 of the Dungeon.
You visited 1 branch of the dungeon, and saw 3 of its levels.

You collected 105 gold pieces.

Inventory:

Hand Weapons
 b - a +0 mace
   (You found it on level 1 of the Dungeon)
 i - a +0 spear
   (You took it off Robin on level 3 of the Dungeon)
 k - a +0 scimitar
   (You found it on level 2 of the Dungeon)
Missiles
 c - 8 poisoned darts
 n - 8 boomerangs
Armour
 a - a +0 robe
 j - a +3 leather armour of fire resistance (worn)
   (You took it off Ijyb on level 3 of the Dungeon)
 l - a +0 robe of positive energy
   (You found it on level 3 of the Dungeon)
Wands
 d - a wand of digging (3) {@v3}
   (You took it off Ijyb on level 3 of the Dungeon)
Scrolls
 f - a scroll of immolation (in hand)
 g - 2 scrolls of remove curse {@r2}
 h - 3 scrolls of identify {@r1}


   Skills:
 - Level 1.0 Fighting
 - Level 1.7 Dodging
 - Level 2.4 Stealth
 + Level 2.8 Spellcasting
 + Level 1.1 Summonings
 - Level 6.0 Ice Magic


You had one spell level left.
You knew the following spells:

 Your Spells              Type           Power        Failure   Level
a - Freeze                Ice            100%         2%          1
b - Frozen Ramparts       Ice            52%          8%          3
c - Summon Ice Beast      Ice/Summ       16%          58%         4

Your spell library contained the following spells:

 Spells                   Type           Power        Failure   Level
 Ozocubu's Armour         Ice            26%          8%          3
 Hailstorm                Conj/Ice       14%          67%         4


Dungeon Overview and Level Annotations

Branches:
Dungeon (3/15)

Altars:

Annotations:
D:3 Crazy Yiuf


Innate Abilities, Weirdness & Mutations

You cannot be hasted, slowed, berserked, paralysed or teleported.
You can dig through walls and to a lower floor.
Your four strong arms can wield two-handed weapons with a shield.
You have a pair of large antennae on your head. (SInv)


Message History

Aiming: Freeze (safe; 1% risk of failure)
Press: ? - help, Shift-Dir - straight line, f/p - adder
Aim: an adder (moderately wounded)
You freeze the adder!
The adder is almost dead.
The adder seems to slow down.
The wall freezes the adder.
You kill the adder!
Your Summonings skill increases to level 1!
You start removing your armour.
You continue taking off your +0 robe. x4
You finish taking off your +0 robe.
You start putting on your armour.
You continue putting on your embroidered robe.
The frozen ramparts melt away.
You continue putting on your embroidered robe. x4
You finish putting on your +0 robe of positive energy.
You feel more protected from negative energy.
Okay, then.
You start removing your armour.
You continue taking off your +0 robe of positive energy. x4
You finish taking off your +0 robe of positive energy.
You feel less protected from negative energy.
You start putting on your armour.
You continue putting on your +3 leather armour of fire resistance. x5
You finish putting on your +3 leather armour of fire resistance.
You feel resistant to fire.
Found a stone staircase leading up.
There is a stone staircase leading up here.
Found a helmet.
Found 24 stones.
Found a stone staircase leading up.
Found a leather armour.
There is a stone staircase leading up here.
You climb upwards.
There is a stone staircase leading down here.
You climb downwards.
There is a stone staircase leading up here.
A hobgoblin comes into view. It is wielding a -1 club.
The hobgoblin shouts!
The hobgoblin throws a boomerang.
The boomerang hits you.
The weapon returns to the hobgoblin!
The hobgoblin throws a boomerang.
The boomerang hits you but does no damage.
The weapon returns to the hobgoblin!
The hobgoblin throws a boomerang.
The boomerang hits you.
The weapon returns to the hobgoblin!
Casting: Freeze (safe; 2% risk of failure)
Confirm with . or Enter, or press ? or * to list all spells.
Aiming: Freeze (safe; 2% risk of failure)
Press: ? - help, Shift-Dir - straight line, f - you You can't see any hostile targets that would be affected.
That would be overly suicidal.
Okay, then.
Unknown command.
The hobgoblin hits you but does no damage.
Casting: Freeze (safe; 2% risk of failure)
Confirm with . or Enter, or press ? or * to list all spells.
Aiming: Freeze (safe; 2% risk of failure)
Press: ? - help, Shift-Dir - straight line, f - hobgoblin
Aim: a hobgoblin, wielding a -1 club and quivering 8 boomerangs You freeze the hobgoblin!
You kill the hobgoblin!
m - a fuming dark potion
Things that are here:
a cursed -1 club; 8 boomerangs
Found 12 gold pieces.
Things that are here:
a cursed -1 club; 8 boomerangs
n - 8 boomerangs
Found 12 stones.
Found 14 bolts.
You now have 105 gold pieces (gained 12).
Found a mace.
Found a runed translucent door.
Crazy Yiuf shouts!
Crazy Yiuf screams, "Action Hive snail!"
Casting: Freeze (safe; 2% risk of failure)
Confirm with . or Enter, or press ? or * to list all spells.
Casting: Frozen Ramparts (dangerous; 6% risk of failure)
Press: ? - help, Dir - look around, f - activate You can't see any hostile targets that would be affected.
The walls around you are covered in ice.
You open the door.
The wall freezes Crazy Yiuf.
Crazy Yiuf drinks a potion.
Crazy Yiuf goes berserk!
The wall freezes Crazy Yiuf. x2
Crazy Yiuf hits you with a +4 quarterstaff of chaos!
* * * LOW HITPOINT WARNING * * *
Space warps horribly around you.
* * * LOW HITPOINT WARNING * * *
Okay, then.
Okay, then.
It was a potion of brilliance.
You feel clever all of a sudden.
The wall freezes Crazy Yiuf.
Crazy Yiuf hits you but does no damage.
You are lethally poisoned!
It was a potion of degeneration.
There was something very wrong with that liquid.
You feel weakened.
You feel dopey.
You feel clumsy.
* * * LOW HITPOINT WARNING * * *
You feel sick.
The wall freezes Crazy Yiuf.
Crazy Yiuf hits you with a +4 quarterstaff of chaos!
You die...

#.........# ..#
#...(.....# ..
#......(.## .
########.# #
#.#######
#........ ###
####..######
#)..### ##.#...#
#...g@####......#
#...##..#......##
### ###.#..#.##
########


You could see Crazy Yiuf (berserk).

Vanquished Creatures
  Ijyb (D:3)
  Robin (D:3)
  6 adders
  2 worms (D:2)
  3 dart slugs
  4 leopard geckos
  An orc (D:2)
  3 giant cockroaches (D:2)
  11 goblins
  4 hobgoblins
  4 jackals (D:2)
  3 quokkas
  4 bats
  A frilled lizard (D:2)
  7 kobolds
  5 rats (D:1)
60 creatures vanquished.

Notes
Turn   | Place    | Note
-------+----------+-------------------------------------------
     0 | D:1      | EnegeticOcto the Formicid Ice Elementalist began the quest
                  | for the Orb.
     0 | D:1      | Reached XP level 1. HP: 13/13 MP: 3/3
   455 | D:1      | Reached XP level 2. HP: 10/19 MP: 0/5
   622 | D:2      | Reached XP level 3. HP: 3/24 MP: 0/6
   626 | D:2      | Learned a level 3 spell: Frozen Ramparts
   692 | D:2      | Reached skill level 5 in Ice Magic
   885 | D:2      | Reached XP level 4. HP: 27/30 MP: 1/7
  1309 | D:3      | Noticed Ijyb
  1323 | D:3      | Reached XP level 5. HP: 29/35 MP: 4/8
  1323 | D:3      | Killed Ijyb
  1324 | D:3      | Reached skill level 6 in Ice Magic
  1329 | D:3      | Learned a level 4 spell: Summon Ice Beast
  1332 | D:3      | Noticed Robin
  1338 | D:3      | Reached skill level 1 in Fighting
  1342 | D:3      | Killed Robin
  1406 | D:3      | Reached skill level 1 in Summonings
  1501 | D:3      | Found a runed translucent door.
  1502 | D:3      | Noticed Crazy Yiuf
  1509 | D:3      | Mangled by Crazy Yiuf

Illustrated notes

Levels and vault maps discovered:
D:1:      minmay_arrival_arboretum_large, layout_basic, minmay_hedge_maze
D:2:      layout_loops_ring, minmay_misc_feat_ornament, grunt_ministairs_5,
          nrook_loot_triangle
D:3:      layout_rooms, okawaru_gym_becter, uniq_robin, uniq_crazy_yiuf_cottage,
          uniq_ijyb

Skill      XL: |  1  2  3  4  5 |
---------------+----------------+-----
Ice Magic      | 5 6 |  6.0
Fighting       | 1 |  1.0
Summonings     | 1 |  1.1
Dodging        | |  1.7
Stealth        | |  2.4
Spellcasting   | |  2.8

Action                   |  1- 3 |  4- 6 || total
-------------------------+-------+-------++-------
Melee: Mace              |     8 |    16 ||    24
       Scimitar          |       |     4 ||     4
 Cast: Freeze            |    33 |    19 ||    52
       Frozen Ramparts   |     1 |     8 ||     9
  Use: Scroll            |       |     5 ||     5
       Potion            |       |     4 ||     4
Armor: Robe              |     3 |    10 ||    13
       Leather armour    |       |     1 ||     1
Dodge: Dodged            |    19 |    35 ||    54
       Rpst.: Scimitar   |       |     4 ||     4
